 Dungeon Sprint DCSS version 0.31-a0-43-g46d131a48f (webtiles) character file.

Game seed: 11518313177229252336

4610 bmack86 the Severer (level 10, -6/97 HPs)
             Began as a Minotaur Fighter on May 19, 2023.
             Was a High Priest of Qazlal.
             Killed from afar by a purple draconian (32 damage)
             ... with a bolt of dispelling energy
             ... in the Dungeon (Sprint V: "Ziggurat Sprint").
             The game lasted 00:07:34 (377 turns).

bmack86 the Severer (Minotaur Fighter)               Turns: 377, Time: 00:07:36

Health: -6/97      AC: 33    Str: 31    XL:     10   Next: 19%
Magic:  3/15       EV:  2    Int:  5    God:    Qazlal [*****.]
Gold:   0          SH: 36    Dex: 10    Spells: 9/9 levels left

rFire   . . .        J - +16 obsidian axe {drain, demonic, Mesm Drain Fly SInv}
rCold   . . .        I - +18 shield of the Gong {Loud rN+ Will+ rCorr EV-5}
rNeg    + . .        H - +15 Maxwell's patent armour {-Cast -Tele rElec Will+ rCorr}
rPois   .            (helmet restricted)
rElec   +            (no cloak)
rCorr   +            (no gloves)
SInv    +            (no boots)
Will    +++..        (no amulet) Stlth
                     B - +6 ring of strength
HPRegen 0.36/turn    M - ring of willpower
MPRegen 0.14/turn

%: no teleportation, no spellcasting, repel missiles
@: protected from physical damage, flying, mesmerised, slowed, very slow
A: horns 2, retaliatory headbutt
a: Renounce Religion, Upheaval, Elemental Force, Disaster Area


You were in the Dungeon.
You worshipped Qazlal.
Qazlal was extremely pleased with you.
You visited 1 branch

Inventory:

Hand Weapons
 a - a +0 war axe
 E - a +5 broad axe
 J - the +16 obsidian axe (weapon) {drain, demonic, Mesm Drain Fly SInv}
   (You found it in the Dungeon)

   Mesm:      Its wielder is mesmerised by any visible foes, and it cannot be
   unequipped while any foes are visible.
   SInv:      It lets you see invisible.
   Fly:       It grants you flight.
   Drain:     It drains your maximum health when unequipped.
Missiles
 O - 2 throwing nets
Armour
 b - a +0 scale mail
 c - a +0 buckler
 k - +5 gold dragon scales
 l - a +3 tower shield
 F - a +5 crystal plate armour
 G - +5 storm dragon scales
 H - the +15 Maxwell's patent armour (worn) {-Cast -Tele rElec Will+ rCorr}
   (You found it in the Dungeon)

   rElec:     It insulates you from electricity.
   -Cast:     It prevents spellcasting.
   -Tele:     It prevents most forms of teleportation.
   rCorr:     It protects you from acid and corrosion.
   Will:      It increases your willpower.
 I - the +18 shield of the Gong (worn) {Loud rN+ Will+ rCorr EV-5}
   (You found it in the Dungeon)

   Loud:      It is deafeningly noisy when blocking attacks.
   EV:        It affects your evasion (-5).
   rN:        It protects you from negative energy.
   rCorr:     It protects you from acid and corrosion.
   Will:      It increases your willpower.
Jewellery
 p - a +6 ring of strength
 w - a ring of flight
 x - a +6 ring of dexterity
 y - a +6 ring of dexterity
 z - a +6 ring of intelligence
 A - a +6 ring of intelligence
 B - a +6 ring of strength (left hand)
 C - a +6 ring of strength
 M - a ring of willpower (right hand)
Wands
 u - a wand of mindburst (7) (quivered)
 v - a wand of light (7)
 D - a wand of roots (10)
 N - a wand of polymorph (3)
 P - a wand of paralysis (8)
 Q - a wand of digging (8)
Scrolls
 j - 4 scrolls of blinking
 q - 4 scrolls of amnesia
 r - 7 scrolls of fog
 s - 5 scrolls of identify
 t - 2 scrolls of fear
 L - a scroll of brand weapon
Potions
 d - 7 potions of might
 e - 10 potions of curing
 f - 9 potions of heal wounds
 g - 6 potions of haste
 h - 7 potions of magic
 i - 3 potions of berserk rage
 m - 2 potions of brilliance
 n - 2 potions of invisibility
 o - 4 potions of resistance
Miscellaneous
 K - a lightning rod (4/4)


   Skills:
 + Level 12.0 Fighting
 * Level 15.8 Axes
 + Level 11.8 Armour
 + Level 11.9 Shields
 + Level 8.9 Invocations
 - Level 8.0 Evocations


You had 9 spell levels left.
You didn't know any spells.
Your spell library contained the following spells:

 Spells                   Type           Power      Damage    Failure   Level
 Kiss of Death            Conj/Necr      0%         2d5       99%         1
 Blink                    Tloc           0%         N/A       100%        2
 Lesser Beckoning         Tloc           0%         N/A       100%        2
 Momentum Strike          Conj/Tloc      0%         3d8       100%        2
 Confusing Touch          Hex            0%         N/A       100%        3
 Dispel Undead            Necr           0%         3d6       100%        4


Dungeon Overview and Level Annotations

Branches:
Dungeon (1/1)

Altars:
Ashenzari
Cheibriados
Dithmenos
Elyvilon
Fedhas
Gozag
Hepliaklqana
Kikubaaqudgha
Makhleb
Nemelex Xobeh
Okawaru
Qazlal
Ru
Sif Muna
Trog
Uskayaw
Vehumet
Wu Jian
Xom
Yredelemnul
Zin
The Shining One
Jiyva
Lugonu


Innate Abilities, Weirdness & Mutations

You have a pair of horns on your head.
You reflexively headbutt those who attack you in melee.


Message History

PANG!
The purple draconian is engulfed in blazing flames.
You block the purple draconian's attack.
BONNNG!
Your Axes skill increases to level 15!
Aiming: Upheaval
Press: ? - help, Dir - move target, f - purple draconian
Aim: a purple draconian, wielding a +0 trident (flame, heavily wounded) Magma suddenly erupts from the ground!
The blast of magma engulfs the purple draconian!!
The purple draconian is severely wounded.
The blast of magma engulfs the death cob!!
You destroy the death cob!
Qazlal accepts your kill.
Visions of slaying the draconian flood into your mind.
You block the draconian's attack.
BONNNG!
The purple draconian is engulfed in blazing flames.
You block the purple draconian's attack.
GONNNNG!
You block the draconian's attack.
GONNNNG!
The draconian hits you but does no damage.
Training target 8.0 for Evocations reached!
Your Fighting skill increases to level 12!
Your Evocations skill increases to level 8!
You have reached level 10!
You feel much better.
You block the purple draconian's attack.
GONNNNG!
You block the draconian's attack.
PTOANNNG!
The draconian completely misses you.
The draconian hits you with a +0 short sword.
* * * LOW HITPOINT WARNING * * *
You feel more protected from physical attacks.
The purple draconian breathes dispelling energy at you.
The bolt of dispelling energy hits you!!
Your magical effects are unravelling.
You die...

▓../):..▓
▓..)=)..▓
▓.......▓
▓.......▓
▓.......▓
....d..
▓.▓d○○▓.▓
▓..)@d..▓
▓▓▓▓▓▓▓▓▓


You could see a purple draconian (catching breath) and 2 draconians.

Vanquished Creatures
  A death cob (D)
  2 draconians (D)
  7 merfolk (D)
  2 jumping spiders (D)
  A ynoxinul (D)
  An orc warrior (D)
  A scorpion (D)
  2 orc priests (D)
  An ufetubus (D)
  An orc (D)
19 creatures vanquished.

Vanquished Creatures (collateral kills)
  A merfolk (D)
  A tarantella (D)
  4 scorpions (D)
  An orc wizard (D)
  An orc (D)
8 creatures vanquished.

Grand Total: 27 creatures vanquished

Notes
Turn   | Place    | Note
-------+----------+-------------------------------------------
     0 | D        | bmack86 the Minotaur Fighter began the quest for the Orb.
     0 | D        | Reached XP level 1. HP: 19/19 MP: 0/0
    12 | D        | Found a blossoming altar of Fedhas.
    12 | D        | Found the +6 Majin-Bo {spellvamp, MP+6 Int+6}
    12 | D        | Found the +27 heavy crossbow "Sniper" {heavy, Acc+∞ SInv}
    12 | D        | Found the +10 dark maul {heavy}
    12 | D        | Found the +15 Maxwell's patent armour {-Cast -Tele rElec
                  | Will+ rCorr}
    12 | D        | Found the +18 shield of the Gong {Loud rN+ Will+ rCorr
                  | EV-5}
    12 | D        | Found the +16 obsidian axe {drain, demonic, Mesm Drain Fly
                  | SInv}
    12 | D        | Found the +7 great mace "Firestarter" {flame, immolate,
                  | rFlCloud rF++}
    12 | D        | Found the +6 shillelagh "Devastator" {shatter}
    12 | D        | Found the +11 plutonium sword {Contam Stlth-}
    12 | D        | Found the +8 lance "Wyrmbane" {slay drac, rPois rF+ rC+
                  | AC+3}
    12 | D        | Found the +9 sword of Zonguldrok {reap}
    12 | D        | Found the +13 scythe of Curses {drain, curses, Drain}
    12 | D        | Found the +9 sword of Power {lifebolt}
    12 | D        | Found the +7 mace of Variability {chaos, chaos arc}
    12 | D        | Found the +11 Singing Sword {sonic wave}
    12 | D        | Found the +8 storm bow {elec, penet}
    26 | D        | Found a shimmering blue altar of Sif Muna.
    26 | D        | Found a sacrificial altar of Ru.
    26 | D        | Found a bloodstained altar of Trog.
    26 | D        | Found a stormy altar of Qazlal.
    26 | D        | Found an iron altar of Okawaru.
    26 | D        | Found a sparkling altar of Nemelex Xobeh.
    28 | D        | Found a transporter.
    28 | D        | Found an ancient bone altar of Kikubaaqudgha.
    28 | D        | Found a viscous altar of Jiyva.
    28 | D        | Found a corrupted altar of Lugonu.
    28 | D        | Found a hazy altar of Hepliaklqana.
    28 | D        | Found a burning altar of Makhleb.
    28 | D        | Found an opulent altar of Gozag.
    70 | D        | Became a worshipper of Qazlal Stormbringer
   117 | D        | Reached skill level 5 in Fighting
   117 | D        | Reached skill level 6 in Axes
   117 | D        | Reached skill level 5 in Armour
   117 | D        | Reached skill level 5 in Shields
   117 | D        | Reached XP level 2. HP: 29/29 MP: 1/1
   120 | D        | Entered arena 2.
   120 | D        | Noticed a ynoxinul
   120 | D        | Found a transporter.
   122 | D        | Killed a ynoxinul
   122 | D        | Reached * piety under Qazlal
   123 | D        | Reached skill level 8 in Axes
   123 | D        | Reached XP level 3. HP: 38/38 MP: 1/4
   123 | D        | Reached XP level 4. HP: 45/45 MP: 1/5
   123 | D        | Reached XP level 5. HP: 51/51 MP: 1/6
   173 | D        | Entered arena 3.
   173 | D        | Noticed a merfolk
   173 | D        | Noticed a merfolk
   173 | D        | Noticed a merfolk
   173 | D        | Found a transporter.
   176 | D        | Killed a merfolk
   177 | D        | Reached skill level 9 in Axes
   177 | D        | Reached XP level 6. HP: 54/61 MP: 6/8
   179 | D        | Killed a merfolk
   180 | D        | Reached skill level 10 in Axes
   180 | D        | Reached skill level 5 in Invocations
   180 | D        | Reached XP level 7. HP: 62/69 MP: 6/9
   182 | D        | Killed a merfolk
   182 | D        | Reached ** piety under Qazlal
   183 | D        | Reached skill level 11 in Axes
   183 | D        | Reached skill level 5 in Evocations
   197 | D        | Entered arena 4.
   197 | D        | Noticed a jumping spider
   197 | D        | Noticed a tarantella
   197 | D        | Found a transporter.
   201 | D        | Killed a jumping spider
   201 | D        | Killed a tarantella
   201 | D        | Reached *** piety under Qazlal
   202 | D        | Reached skill level 12 in Axes
   202 | D        | Reached XP level 8. HP: 78/78 MP: 9/11
   213 | D        | Entered arena 5.
   213 | D        | Noticed a jumping spider
   213 | D        | Found a transporter.
   215 | D        | Killed a jumping spider
   218 | D        | Reached **** piety under Qazlal
   219 | D        | Reached skill level 10 in Fighting
   219 | D        | Reached skill level 13 in Axes
   232 | D        | Entered arena 6.
   232 | D        | Noticed a merfolk
   232 | D        | Noticed a merfolk
   232 | D        | Noticed a merfolk
   232 | D        | Noticed a merfolk
   232 | D        | Noticed a merfolk
   232 | D        | Found a transporter.
   236 | D        | Killed a merfolk
   237 | D        | Reached skill level 10 in Armour
   237 | D        | Reached skill level 10 in Shields
   237 | D        | Killed a merfolk
   238 | D        | Reached XP level 9. HP: 71/86 MP: 13/13
   238 | D        | Killed a merfolk
   241 | D        | Killed a merfolk
   241 | D        | Reached ***** piety under Qazlal
   242 | D        | Reached skill level 14 in Axes
   243 | D        | Killed a merfolk
   267 | D        | Entered arena 7.
   267 | D        | Found the +6 arbalest "Damnation" {damnation}
   269 | D        | Found a transporter.
   366 | D        | Entered arena 8.
   366 | D        | Noticed a draconian
   366 | D        | Noticed a draconian
   366 | D        | Noticed a draconian
   366 | D        | Noticed a purple draconian
   366 | D        | Noticed a death cob
   366 | D        | Noticed a draconian
   373 | D        | Killed a draconian
   375 | D        | Killed a draconian
   376 | D        | Reached skill level 15 in Axes
   376 | D        | Killed a death cob
   377 | D        | Reached XP level 10. HP: 7/97 MP: 3/15
   377 | D        | Killed from afar by a purple draconian

Illustrated notes

Levels and vault maps discovered:
D:        sprint_v [room_start, room_1, room_2, room_3, room_4, room_5, room_6,
          room_7, room_8, room_9, room_10, room_11, room_12, room_13, room_14,
          room_15, room_16, room_17, room_18, room_19, room_20, room_21,
          room_22, room_23, room_24, room_25, room_26, room_27]

Skill      XL: |  1  2  3  4  5  6  7  8  9 |
---------------+----------------------------+-----
Fighting       | 5 6 7 8 9 10 12 | 12.0
Axes           | 6 8 9 10 12 13 15 | 15.8
Armour         | 5 6 7 8 9 10 11 | 11.8
Shields        | 5 6 7 8 9 10 11 | 11.9
Invocations    | 3 4 5 6 7 8 |  8.9
Evocations     | 2 4 5 6 8 |  8.0

Action                     |  1- 3 |  4- 6 |  7- 9 | 10-12 || total
---------------------------+-------+-------+-------+-------++-------
  Melee: Broad axe         |     1 |     4 |    26 |       ||    31
         Headbutt          |     1 |     1 |     4 |       ||     6
 Invoke: Upheaval          |       |       |     1 |       ||     1
         Disaster Area     |       |       |     1 |       ||     1
    Use: Potion            |     1 |       |       |     1 ||     2
   Stab: Distracted        |       |       |     2 |       ||     2
 Armour: Plate armour      |       |     3 |    12 |       ||    15
  Dodge: Dodged            |       |       |     1 |     1 ||     2
  Block: Kite shield       |       |     7 |    64 |     2 ||    73

Table legend: (Time is in decaauts)
 A = Elapsed time spent in this place.
 B = Non-inter-level travel time spent in this place.
 C = Inter-level travel time spent in this place.
 D = Time resting spent in this place.
 E = Time spent auto-exploring this place.
 F = Levels seen in this place.
 G = Mean time per level.
                   A        B        C        D        E       F      G
               +--------+--------+--------+--------+--------+-----+--------+
         Total |    378 |    378 |      0 |    111 |      0 |   1 |  378.0 |
       Dungeon |    378 |    378 |      0 |    111 |      0 |   1 |  378.0 |
               +--------+--------+--------+--------+--------+-----+--------+

Top non-repeatable levels by time:
       D: 378 daAuts
